AoeStats
← Ice_And_Fire

Arabia

509721889Analyzed
1v1 RM · 5d ago on Sep 27, 2026· 41m 28s· 2 players
Game mode
Random Map
Map size
Tiny (2 player)
Population
200
Speed
Normal
Resources
Standard
Victory
Conquest
Starting age
Dark Age
Ending age
Imperial Age
RankedLock teamsTeams togetherTeam positionsShared explorationLock speedFull tech treeHidden civsTurbo modeCheats
Victory
Defeat
🇹🇷 Dravidians · Türkiye
1165
+17
🇩🇪 Britons · Germany
1183
-17
hsynakan.95
1:25 Loom
10:11 Feudal Age
13:15 Town Watch
15:23 Fletching
16:06 Padded Archer Armor
24:39 Castle Age
23:13 Forging
23:33 Man-at-Arms
24:06 Gold Mining
23:58 Horse Collar
24:05 Double-Bit Axe
24:35 Scale Mail Armor
25:44 Bodkin Arrow
25:30 Long Swordsman
27:06 Arson
27:58 Iron Casting
37:18 Thumb Ring
38:04 Bow Saw
37:47 Stone Mining
38:00 Heavy Plow
38:37 Wheelbarrow
43:34 Imperial Age
Ice_And_Fire
5:20 Loom
10:00 Feudal Age
10:33 Double-Bit Axe
13:51 Fletching
15:42 Horse Collar
16:14 Padded Archer Armor
23:20 Castle Age
22:36 Gold Mining
23:24 Crossbowman
24:14 Bodkin Arrow
27:39 Wheelbarrow
30:27 Leather Archer Armor
33:01 Hand Cart
33:47 Town Watch
36:40 Pikeman
37:22 Scale Mail Armor
37:33 Forging
39:36 Heavy Plow
43:01 Imperial Age
Connection lost

Rejoining the realm…

Still unreachable

The connection could not be restored.

Session expired

The server has moved on; the page needs a fresh start.